[Event "BSV-SCK IM 2022"]
[Site "Berlin"]
[Date "2022.04.13"]
[Round "8.1"]
[White "Vogel, Constantin"]
[Black "Mcgowan, Daniel"]
[Result "0-1"]
[ECO "E06"]
[WhiteElo "2209"]
[BlackElo "2101"]
[Annotator "TA"]
[PlyCount "76"]
[EventDate "2022.04.08"]
[EventType "tourn"]
[EventCountry "GER"]
[SourceTitle "playchess.com"]
[Source "ChessBase"]
[SourceQuality "1"]
[TimeControl "5400+30"]

1. c4 e6 2. g3 d5 3. Bg2 Nf6 4. Nf3 Be7 5. O-O O-O 6. d4 c6 7. Qc2 b6 $1 {[%emt 0:05:32][%mdl 4] is more profitable than 7...Nbd7 at the moment.} 8. Ne5 Bb7 {[%emt 0:01:16] E06: Closed Catalan: Early deviations.} 9. Nc3 dxc4 10. Rd1 Qc8 {[%emt 0:00:54] White has an edge.} 11. Nxc4 (11. Bg5 {seems wilder.} b5 12. Ne4 Re8 13. Nc5) 11... Rd8 (11... c5 $1 $11 {remains equal.}) 12. e4 $16 {[%emt 0:01:43] [#]} Nbd7 $146 ({Predecessor:} 12... Ba6 13. Ne3 Nbd7 14. f4 g6 15. b3 b5 16. Bb2 Nb6 17. Rac1 Qd7 18. Qf2 b4 {1-0 (36) Rakesh,K (2335)-Samrat,G (1861) Dhaka 2019}) 13. Bf4 Nf8 14. a4 h6 15. Qb3 (15. b3 $16) 15... Ng6 $11 16. Be3 Ng4 17. Bc1 e5 18. Bh3 (18. d5 $11) 18... exd4 $15 19. Ne2 d3 20. Rxd3 ({White should play} 20. Nf4 $1 $15 Nxf4 21. Bxf4) 20... Rxd3 21. Qxd3 Ba6 {[%emt 0:00:38] [#] And now ...N6e5 would win.} 22. Qc2 Qe6 23. Nd4 Qxc4 24. Qxc4 Bxc4 25. Bxg4 Ne5 $36 {[%emt 0:00:58][%mdl 2048] aiming for ...Bc5. Black is in control.} 26. Bh3 Rd8 27. Be3 $2 {[%emt 0:00:13] [#] Loses the game.} (27. Bf4 $17 Rxd4 28. Bxe5 Rxe4 29. Bc3) 27... Rxd4 $1 $19 28. Bxd4 Nf3+ 29. Kg2 Nxd4 30. Bd7 Be6 31. Bxe6 Nxe6 32. Rd1 (32. a5 $142) 32... Nc5 33. a5 bxa5 ({Inferior is} 33... Nxe4 34. Rd7 Bc5 35. b4 Bxb4 36. a6 $14) 34. e5 Kf8 35. Kf3 Ke8 36. Ke3 Na4 37. Ra1 $2 (37. Rd2 {was worth a try.}) 37... Nxb2 38. Kd4 a4 {[%emt 0:00:21] Weighted Error Value: White=0.44/Black=0.19 (very precise)} 0-1

[Event "BSV-SCK IM 2022"]
[Site "Berlin"]
[Date "2022.04.13"]
[Round "8.2"]
[White "Glek, Igor"]
[Black "Schmidek, Emil"]
[Result "1/2-1/2"]
[ECO "B10"]
[WhiteElo "2476"]
[BlackElo "2383"]
[Annotator "TA"]
[PlyCount "76"]
[EventDate "2022.04.08"]
[EventType "tourn"]
[EventCountry "GER"]
[SourceTitle "playchess.com"]
[Source "ChessBase"]
[SourceQuality "1"]
[TimeControl "5400+30"]

1. e4 c6 2. c4 d5 3. cxd5 cxd5 4. exd5 Nf6 5. Nc3 Nxd5 6. Nf3 Nc6 7. Bb5 e6 8. O-O Be7 9. d4 O-O 10. Re1 Bd7 11. Nxd5 {[%emt 0:10:51] B10: Caro-Kann: 2 d3 and 2 c4.} exd5 12. h3 Bf6 13. Bxc6 Bxc6 14. Bf4 Qb6 15. Qd2 Rfe8 16. Bg5 Bxg5 17. Nxg5 {[%emt 0:00:00] [#]} Bd7 $146 ({Predecessor:} 17... f6 18. Nf3 Re4 19. Re3 Rxe3 20. fxe3 Re8 21. Rc1 Qc7 22. Kf2 Qd6 23. b4 Bb5 {0-1 (39) Boyer,M (2407)-Bluebaum,M (2642) Chess.com INT 2022}) 18. Rxe8+ Rxe8 19. Nf3 f6 20. Re1 Rxe1+ 21. Nxe1 Bf5 22. a3 g5 23. Nf3 Be4 24. Nh2 Qd6 25. Ng4 b6 26. Qc3 Kg7 27. Qc8 Qe7 28. Ne3 Kf7 $1 29. Qc3 (29. Qa8 $14) 29... Qd7 $11 {[%emt 0:01:30] The position is equal.} 30. Qb3 Ke6 $1 31. Nd1 Qc6 32. Nc3 Bg6 33. Qb4 Qc4 34. Qf8 Qxd4 35. Qc8+ Ke5 36. Qc7+ Ke6 $1 37. Qc6+ Ke5 38. Qc7+ Ke6 $1 {Weighted Error Value: White=0.03 (flawless) /Black=0.02 (flawless)} 1/2-1/2

[Event "BSV-SCK IM 2022"]
[Site "Berlin"]
[Date "2022.04.13"]
[Round "8.3"]
[White "Ermitsch, Magnus"]
[Black "Eugene, Floryan"]
[Result "0-1"]
[ECO "C60"]
[WhiteElo "2127"]
[BlackElo "2404"]
[Annotator "TA"]
[PlyCount "64"]
[EventDate "2022.04.08"]
[EventType "tourn"]
[EventCountry "GER"]
[SourceTitle "playchess.com"]
[Source "ChessBase"]
[SourceQuality "1"]
[TimeControl "5400+30"]

1. e4 e5 2. Nf3 Nc6 3. Bb5 g6 4. c3 Nge7 5. d4 exd4 6. cxd4 {[%emt 0:00:14] aiming for d5.} d5 {[%emt 0:00:06] C60: Ruy Lopez: Unusual Black 3rd moves and 3...g6.} 7. exd5 Nxd5 8. Ne5 Qd6 {[%emt 0:05:42] White is slightly better.} 9. O-O {[%emt 0:03:45] Black must now prevent Re1.} Bg7 $1 10. Nd2 O-O 11. Ne4 {[%emt 0:03:18] [#]} Qb4 $146 ({Predecessor:} 11... Qe7 12. Bc4 Nxe5 13. Bxd5 Ng4 14. h3 c6 15. Bg5 Qc7 16. hxg4 cxd5 17. Nf6+ Bxf6 18. Bxf6 {1-0 (29) Toth,A (2175)-Toth,J Hungary 1996}) 12. Bxc6 bxc6 13. a3 Qb6 14. Re1 Re8 15. b4 Bf5 {[%emt 0:07:48] Strongly threatening ...Bxe4.} (15... Bxe5 16. dxe5 Bf5 17. Be3 $1 $16) 16. Nc5 Rad8 17. Qb3 a5 18. Bd2 axb4 19. axb4 Ra8 $1 {[%emt 0:00:17] Against Ra6} 20. Rac1 Qb5 21. h3 h5 22. Kh1 Rab8 (22... h4 $11 {keeps the balance.}) 23. Qf3 (23. g4 $142 hxg4 24. hxg4 Bxe5 25. gxf5 Bxd4 26. fxg6 fxg6 27. Qh3 Rxe1+ 28. Rxe1 Bxc5 29. Rg1 (29. Qe6+ Kg7 $11)) 23... f6 {[%emt 0:09:55] [#]} 24. Ned7 {[%emt 0:03:11][%mdl 8192] Pair of Knights! Loses the game.} (24. g4 $1 $16 {[%cal Rg4f5] and life is bright.} hxg4 {[#]} 25. hxg4 $1) 24... Rxe1+ $19 25. Rxe1 Rd8 26. Qg3 Kh7 (26... Bxd7 $2 27. Qxg6 Bf5 28. Qxf5 $18) ({Not} 26... Rxd7 27. Nxd7 h4 28. Qxh4 (28. Re8+ $2 Kf7 $19) 28... Bxd7 29. Ra1 $17) 27. Ne5 fxe5 28. dxe5 (28. Qg5 $142 Rh8 29. dxe5) 28... Nxb4 29. Be3 Nc2 30. Rc1 Qb2 31. e6 Be5 32. Qg5 {[%emt 0:00:35] [#]} Qxc1+ $1 {[%emt 0:00:08][%mdl 512] Weighted Error Value: White=0.81/Black=0.16 (very precise)} 0-1

[Event "BSV-SCK IM 2022"]
[Site "Berlin"]
[Date "2022.04.13"]
[Round "8.4"]
[White "Mirzoev, Emil"]
[Black "Muse, Drazen"]
[Result "1-0"]
[ECO "D10"]
[WhiteElo "2460"]
[BlackElo "2325"]
[Annotator "TA"]
[PlyCount "93"]
[EventDate "2022.04.08"]
[EventType "tourn"]
[EventCountry "GER"]
[SourceTitle "playchess.com"]
[Source "ChessBase"]
[SourceQuality "1"]
[TimeControl "5400+30"]

1. d4 d5 2. c4 c6 3. Nc3 Nf6 4. e3 Bf5 5. cxd5 cxd5 6. Qb3 Bc8 {[%emt 0:03:09] 6...Nc6 is more fashionable.} 7. Nf3 e6 8. Ne5 Be7 {[%emt 0:00:56] D10: Slav Defence: 3 cxd5 (without early Nf3) and 3 Nc3.} 9. Bd3 O-O 10. O-O Nc6 {[%emt 0:03:34] The position is equal.} 11. f4 Nb4 12. Bb1 {[%emt 0:01:06] [#]} Bd6 $146 ({Predecessor:} 12... Nd7 13. Bd2 a5 14. a3 Nc6 15. Bd3 Nb6 16. Ne2 Nxe5 17. fxe5 Bd7 18. a4 Bc6 {1-0 (25) Marin,M (2515)-Cuadras Avellana,J (2305) Sitges 1993}) 13. Bd2 a6 {[%emt 0:04:35] Prevents Nb5.} 14. Qd1 g6 15. g4 Ne8 16. g5 Bxe5 (16... Ng7 $14) 17. dxe5 $16 Nc6 18. Rf3 Ng7 19. Rh3 Nxe5 20. fxe5 Qxg5+ 21. Rg3 Qxe5 22. Na4 Qd6 {[%emt 0:05:55] Against Bb4} (22... b5 $14) 23. a3 {[%emt 0:07:42] aiming for Bb4.} a5 {[%emt 0:00:58] [#] Prevents Bb4.} ({Black should play} 23... Qc7) 24. Qb3 $1 Bd7 25. Nb6 Ra6 (25... Ra7 $16 {might work better.} 26. Nxd7 Qxd7) 26. Nxd7 $18 Qxd7 27. Bd3 Raa8 28. Bc3 Nh5 29. Rg2 f5 30. Qd1 {[%emt 0:08:15] [#] Strongly threatening Qxh5.} Kf7 31. Qf3 Ke7 32. b4 (32. Qh3 $18) 32... Rfc8 $16 33. Be1 {[%emt 0:02:54] &Bianco is more active. This bishop pair is nice.} axb4 34. Bxb4+ Kf7 35. Rd1 {[%emt 0:00:19] Hoping for e4.} Qc6 (35... Qc7 $16) 36. h3 (36. Kh1 $18 {is more deadly.}) 36... Nf6 (36... Qc7 $16) 37. Qf4 $18 Qe8 38. Qe5 {[%emt 0:01:16] Black must now prevent Bc3.} Nd7 (38... Qd8 $16 39. Rb1 b6) 39. Qd4 Qh8 40. Qh4 $40 {[%emt 0:01:31][%mdl 128] And now Qe7+ would win. White goes for the king.} Nf6 41. Bd6 h6 $2 (41... Qd8) 42. Be5 g5 43. Qb4 Kg6 $2 (43... Qf8 44. Qxb7+ Qe7 45. Qxe7+ Kxe7) 44. h4 {[%emt 0:00:00] White is clearly winning.} Qf8 45. hxg5 hxg5 46. Qh4 g4 47. Bxf6 {[%emt 0:00:00] Weighted Error Value: White=0.18 (very precise) /Black=0.43} 1-0

[Event "BSV-SCK IM 2022"]
[Site "Berlin"]
[Date "2022.04.13"]
[Round "8.5"]
[White "Glantz, Robert"]
[Black "Eilenberg, Jonas"]
[Result "1-0"]
[ECO "D27"]
[WhiteElo "2318"]
[BlackElo "2135"]
[Annotator "TA"]
[PlyCount "77"]
[EventDate "2022.04.08"]
[EventType "tourn"]
[EventCountry "GER"]
[SourceTitle "playchess.com"]
[Source "ChessBase"]
[SourceQuality "1"]
[TimeControl "5400+30"]

1. d4 d5 2. Nf3 c5 3. c4 dxc4 4. e3 cxd4 5. Bxc4 Nf6 6. O-O e6 7. exd4 Be7 8. Nc3 O-O 9. Re1 a6 10. a4 Nc6 11. Bg5 Nb4 12. Qb3 Nc6 13. Qd1 Nb4 14. Qe2 Re8 {[%emt 0:13:00] D27: Queen's Gambit Accepted: Classical main line: 7 e4!? and 7 a4.} 15. Rad1 {[%emt 0:08:04][%cal Od4d5] [#] Threatens to win with d5!} Bd7 (15... Nfd5 $5 16. Bxd5 Nxd5 17. Bxe7 Rxe7 $11) 16. Ne5 Rc8 {[%emt 0:14:55] White is slightly better.} 17. Qf3 Bc6 {[%emt 0:06:00] [#] Against d5} 18. Qh3 $146 ({Predecessor:} 18. Nxc6 Rxc6 19. Bb3 Rc7 20. g3 Rd7 21. Bxf6 {½-½ (19) Skembris,S (2405)-Marjanovic,S (2515) Bor 1983}) 18... Bd5 19. b3 (19. Nxf7 $2 Kxf7 20. Nxd5 exd5 $19) 19... Qd6 20. Re2 b6 (20... Nd7 $11 21. Bxe7 (21. Nxd5 exd5 22. Qxd7 Qxd7 $11) 21... Rxe7) 21. f4 Bxc4 (21... Nd7 $11 {remains equal.}) 22. bxc4 $16 Nc6 23. Kh1 {[%emt 0:04:21] 0x0.002037565f53dp-1022s more active pieces.} Na5 {[%emt 0:01:17] [#]} (23... Nxd4 $2 24. Red2 $18) (23... Qb4 $16) 24. d5 $1 $18 Nxc4 $2 {[%emt 0:01:46] Loses the game.} (24... exd5 $16 25. Rde1 (25. Nxd5 Nxd5 26. Nxf7 Kxf7 $15) (25. cxd5 h6 $16) 25... Nxc4) 25. Nxf7 $1 Kxf7 (25... Qc7 26. dxe6 Nb2) 26. dxe6+ {[%emt 0:00:13][%mdl 64] Discovered Attack} Kg8 {[%emt 0:00:12] White must now prevent ...Qa3.} 27. Rxd6 Nxd6 28. Re1 Rc5 29. Qf3 h6 30. Bh4 b5 31. axb5 axb5 32. h3 b4 33. Bxf6 Bxf6 34. Nd5 Bc3 35. Re2 Nf5 36. Kh2 {[%emt 0:00:35] And now Qh5 would win.} Nd4 37. Qh5 Rxe6 38. Rxe6 Nxe6 39. Qe8+ {[%emt 0:00:07] Weighted Error Value: White=0.15 (very precise) /Black=0.79} 1-0